 Dungeon Crawl Stone Soup version 0.28.0-43-g3370ac3207 (webtiles) character file.

Game seed: 5552809785657679718

21 zeratav the Insei (level 2, -1/18 HPs)
             Began as an Octopode Transmuter on Apr 1, 2022.
             Succumbed to an adder's poison
             ... on level 2 of the Dungeon.
             The game lasted 00:03:58 (1000 turns).

zeratav the Insei (Octopode Transmuter)             Turns: 1000, Time: 00:03:58

Health: -1/18      AC:  1    Str:  9    XL:     2   Next: 83%
Magic:  5/5        EV: 13    Int: 15    God:
Gold:   31         SH:  0    Dex: 12    Spells: 4/5 levels left

rFire   . . .      SeeInvis .     - Unarmed
rCold   . . .      Faith    .   (no shield)
rNeg    . . .      Spirit   .   (helmet currently unavailable)
rPois   .          Reflect  .   (no amulet)
rElec   .          Harm     .   (no ring)
rCorr   .          Rampage  .   (no ring)
Will    .....                   (no ring)
Stlth   +++.......              (no ring)
HPRegen 0.06/turn               (no ring)
MPRegen 0.09/turn               (no ring)
                                (no ring)
                                (no ring)

@: lethally poisoned (-1 -> -16), appendages (expiring), attractive
A: tentacle spike 3, almost no armour, amphibious, 8 rings, camouflage 1,
gelatinous body 1, (nimble swimmer 1), tentacles
a: End Transformation


You were on level 2 of the Dungeon.
One of your tentacles had grown a beastly spike.
You visited 1 branch of the dungeon, and saw 2 of its levels.

You collected 31 gold pieces.

Inventory:

Missiles
 d - 38 stones
 h - 5 atropa-tipped darts (quivered)
Scrolls
 b - a scroll of identify {unknown}
 c - a scroll of enchant weapon {unknown}
 e - a scroll of immolation {unknown}
 f - a scroll of holy word {unknown}
 g - a scroll of teleportation {unknown}
 i - a scroll of blinking {unknown}
Potions
 a - a potion of attraction


   Skills:
 * Level 1.1 Fighting
 + Level 2.2 Dodging
 + Level 1.3 Stealth
 + Level 3.5 Unarmed Combat
 + Level 2.0 Spellcasting
 + Level 2.0 Transmutations


You had 4 spell levels left.
You knew the following spells:

 Your Spells              Type           Power      Damage    Failure   Level
a - Beastly Appendage     Tmut           14%        N/A       10%         1

Your spell library contained the following spells:

 Spells                   Type           Power      Damage    Failure   Level
 Wereblood                Tmut           7%         N/A       14%         2
 Spider Form              Tmut/Pois      4%         N/A       41%         3
 Tukima's Dance           Hex            1%         N/A       54%         3
 Ice Form                 Ice/Tmut       4%         N/A       82%         4
 Anguish                  Hex/Necr       0%         N/A       91%         4
 Enfeeble                 Hex            0%         N/A       100%        7


Dungeon Overview and Level Annotations

Branches:
Dungeon (2/15)

Altars:


Innate Abilities, Weirdness & Mutations

One of your tentacles has grown a beastly spike.
You cannot wear most types of armour.
You are amphibious.
You can wear up to eight rings at the same time.
Your skin changes colour to match your surroundings (Stealth+).
Your rubbery body absorbs attacks. (AC +1, EV +1)
((You are camouflaged when in or above water. (Stealth+)))
You have tentacles for arms and can constrict up to eight enemies at once.


Message History

Found a scroll labelled QULEOT IXKEEGH.
Found a book of Iron.
Casting: Beastly Appendage (safe; 10% risk of failure)
Confirm with . or Enter, or press ? or * to list all spells.
One of your tentacles grows a vicious spike.
Your transformation is almost over.
The helpless adder fails to defend itself.
You tentacle-slap the adder but do no damage.
Your grab misses the adder.
You pierce the adder.
Your squeeze misses the adder.
The adder is moderately wounded.
The adder barely misses you. The adder bites you.
You are poisoned.
The adder poisons you!
You barely miss the adder. Your grab misses the adder.
Your squeeze misses the adder.
The adder is moderately wounded.
You feel sick. The adder bites you.
You barely miss the adder. Your grab misses the adder.
The adder is moderately wounded.
You feel sick. The adder closely misses you.
You closely miss the adder. Your grab misses the adder.
The adder is moderately wounded.
You feel sick. The adder closely misses you.
Unknown command.
You barely miss the adder. Your grab misses the adder.
The adder is moderately wounded.
You feel sick. The adder bites you.
You are lethally poisoned!
The adder poisons you!
You miss the adder. Your grab misses the adder.
The adder is moderately wounded.
You feel sick. The adder bites you.
* * * LOW HITPOINT WARNING * * *
You are more poisoned.
The adder poisons you! The adder bites you.
* * * LOW HITPOINT WARNING * * *
It was a potion of attraction.
You feel attractive to monsters.
You die...

......:..# #
##.........#
#.#..........#
#.#..........#
#.#... .....#
#.... ....#
#..?#####...#####
#.S@.............
#########....###
#..#.# ##
#..#.######.
##..........
###......).
###...##. ###.###
#....


You could see an adder.

Vanquished Creatures
  A dart slug (D:2)
  2 giant cockroaches
  2 goblins (D:1)
  A hobgoblin (D:1)
  2 kobolds
  4 ball pythons (D:1)
  4 bats (D:1)
  A rat (D:1)
17 creatures vanquished.

Notes
Turn   | Place    | Note
-------+----------+-------------------------------------------
     0 | D:1      | zeratav the Octopode Transmuter began the quest for the
                  | Orb.
     0 | D:1      | Reached XP level 1. HP: 13/13 MP: 3/3
   301 | D:1      | Reached XP level 2. HP: 18/18 MP: 3/5
   465 | D:1      | Reached skill level 1 in Stealth
   600 | D:1      | Found a faded altar of an unknown god.
  1000 | D:2      | Succumbed to an adder's poison

Illustrated notes

Levels and vault maps discovered:
D:1:      dpeg_arrival_tiny_j, layout_loops_ring, basic_ecumenical_altar
D:2:      mumra_celtic_spiral_tile, layout_rooms, kennysheep_generic_room_13

Skill      XL: |  1  2 |
---------------+-------+-----
Stealth        | 1 |  1.3
Fighting       | |  1.1
Dodging        | |  2.2
Unarmed Combat | |  3.5
Spellcasting   | |  2.0
Transmutations | |  2.0

Action                   || total
-------------------------++-------
Melee: Unarmed           ||    48
       Constrict         ||    15
       Tentacles         ||     9
       Kick              ||     3
 Cast: Beastly Appendage ||     6
  Use: Potion            ||     1
 Stab: Sleeping          ||     5
Armor: Skin              ||     2
Dodge: Dodged            ||    56
